Moxana, chaotic female human Rogue ------- -------------------------------- ......| |.........[.................@@.| |.....| |.------|--------------..-----.| ......| |.|....|..|...|....| +..|...|.|# |.....| |.|....|..|...|....| G|.@@...|.|#######:#######....<.| |.-|------|...||------|.f|...|.|# ------- |..[...|..|...|.|..|..|.-----|.|# |.----.|..|-|--.|..|@.|.-....|.-## kC k Gs |.|..-.-|--..{..-|-|..|.|(._.|.|# |.|..|.............-|--.|..@.|.| i |.|----|--.----|--......|....|.| s |.| .@.|.-).|..|-|---------|.| |.| |(((|.|..|@%|... |#.|..@+.| r |.| |(((|.---|..|....|..|.@@|.| |.- ------..{.---------|------.| |....................%........%| B -------------------------------- Moxana the Rogue Experience level: 7 Strength: 14 Dexterity: 18 Constitution: 18 Intelligence: 10 Wisdom: 11 Charisma: 7 Health: 0(58) Energy: 36(36) Def: 9 Gold: 0 Moves: 4785 Dungeon seed: Wi1cW3fQY4eIqpzE Game ID: Moxana_1543947490 Your Inventory: Weapons a - an uncursed +0 elven dagger named Sharptooth (weapon in hand) b - 15 uncursed +0 daggers (in quiver) q - an uncursed +0 orcish dagger x - 10 blessed +1 darts Armor e - an uncursed +1 leather armor (being worn) n - an uncursed +0 pair of elven boots (being worn) r - an uncursed +0 elven mithril-coat A - an uncursed +0 cloak of displacement (being worn) V - an uncursed +1 dwarvish iron helm (being worn) Z - an uncursed rusty +0 dwarvish roundshield (being worn) Comestibles o - an uncursed fortune cookie K - 4 uncursed food rations Wands m - an uncursed wand of enlightenment (0:9) L - an uncursed wand of striking (0:4) Tools g - an uncursed blindfold (being worn) i - an uncursed mirror k - an uncursed lock pick p - an uncursed +0 unicorn horn B - an uncursed oilskin sack H - an uncursed partly used tallow candle (0:184) Contents of the oilskin sack: 1725 gold pieces an uncursed scroll of destroy armor a cursed scroll of food detection an uncursed scroll of gold detection an uncursed scroll of stinking cloud an uncursed scroll of teleportation an uncursed potion of blindness an uncursed potion of booze a cursed potion of enlightenment an uncursed potion of gain energy an uncursed potion of invisibility a blessed potion of levitation an uncursed potion of object detection an uncursed potion of paralysis a cursed ring of aggravate monster a cursed +1 ring of gain constitution an uncursed +2 ring of gain strength a cursed +1 ring of increase damage an uncursed ring of polymorph an uncursed ring of warning Spells and supernatural/magical abilities: Name Level Category Fail Memory W - pray for help -- divine ? -- Your skills at the end: Fighting Skills Weapon Skills dagger [Expert] short sword [Basic] Spellcasting Skills Final Attributes: You were piously aligned. You were telepathic. You were displaced. You were stealthy. You are dead. Vanquished creatures: 2 ghosts 2 small mimics a quivering blob 2 leprechauns a dwarf lord a white unicorn 2 dust vortices a wood nymph a water nymph an orc shaman 3 rock piercers 3 ponies a shrieker 8 gnome lords 5 gnomish wizards a ghoul 3 giant ants a floating eye a kitten 5 dwarves a kobold lord 3 hill orcs a rabid rat a monkey a werejackal 5 iguanas an acid blob a coyote 2 hobbits 2 large kobolds 2 hobgoblins 2 giant rats 3 cave spiders a yellow mold a green mold 18 gnomes 2 geckos 19 jackals a fox 2 kobolds 5 goblins 4 grid bugs 2 lichens a kobold zombie 9 newts 135 creatures vanquished. Voluntary challenges: You used a wielded weapon 167 times, starting on turn 234. You read items or engraved 25 times, starting on turn 1592. You never genocided any monsters. You never polymorphed an object. You never changed form. You used no wishes. You never split a pudding. You wrote Elbereth's name 24 times, starting on turn 1592. You violated your moral code, losing 1 point of alignment, starting on turn 4778. Dungeon overview: The Dungeons of Doom: levels 1 to 5 Level 1 some altars to Mog and Kos a long staircase Level 2 a general store, a fountain Level 3 a fountain Level 4 (stash) a scroll shop, a fountain stairs to The Gnomish Mines Level 5 a fountain The Gnomish Mines: levels 5 to 7 Level 5 stairs to The Dungeons of Doom Level 6 Level 7 <- You were here some shops, a temple to Kos, some fountains, a sink History has recorded: On T:1 you entered the Dungeons of Doom to retrieve the Amulet of Yendor! On T:109 you reached level 2 of The Dungeons of Doom. On T:290 you reached level 3 of The Dungeons of Doom. On T:697 you advanced to experience level 2. On T:875 you advanced to experience level 3. On T:1059 you reached level 4 of The Dungeons of Doom. On T:1353 you reached level 1 of The Gnomish Mines. On T:1415 you reached level 5 of The Dungeons of Doom. On T:1461 you advanced to experience level 4. On T:1734 you advanced to experience level 5. On T:3170 you advanced to experience level 6. On T:3694 you reached level 2 of The Gnomish Mines. On T:3855 you reached level 3 of The Gnomish Mines. On T:4197 you advanced to experience level 7. Score breakdown: Gold: 1725 (11011 points) Experience: 7 levels (13645 points) Exploration: 7 levels ( 13.46%) (10289 points) Discoveries: 12 items ( 4.03%) ( 6020 points) Valuables value: (no points given unless you survive) Artifact value: 0 ( 0 points) Variety of kills: 45 monsters ( 11.81%) (10310 points) Turncount: 4785 turns (-1289 points) Survival: died (score multiplied by 80%) Total score: 39988 Latest messages: There are a few objects here. You have a little trouble lifting q - a crude dagger. You have a little trouble lifting r - an elven mithril-coat. It gets angry! Wait! There's something there you can't see! Trouble misses it. Trouble bites it. It hits! (2x) You hear some noises. Trouble bites it. It misses Trouble. It hits Trouble. It hits! (2x) You are now wearing a blindfold. You can't see any more. Please move the cursor to an unknown object. An invisible watch captain [seen: telepathy] on the floor of a room. The invisible watch captain hits! You die... Final status: Goodbye Moxana the Rogue, killed by an invisible watch captain... You died in The Gnomish Mines on dungeon level 7 with 39988 points, and 1725 pieces of gold, after 4785 moves. You were level 7 with a maximum of 58 hit points when you died.